 Dungeon Crawl Stone Soup version 0.29-a0-757-g358383bc75 (webtiles) character file.

Game seed: 8979230607525091292

66 zeratav the Ruffian (level 3, -1/36 HPs)
             Began as a Troll Fighter on July 1, 2022.
             Slain by a gnoll shaman
             ... wielding a +0 whip
              (5 damage)
             ... on level 4 of the Dungeon.
             The game lasted 00:02:14 (1377 turns).

zeratav the Ruffian (Troll Fighter)                 Turns: 1377, Time: 00:02:15

Health: -1/36      AC:  4    Str: 26    XL:     3   Next: 96%
Magic:  2/2        EV:  8    Int:  4    God:
Gold:   101        SH:  7    Dex:  9    Spells: 2/2 levels left

rFire   . . .      SeeInvis .     - Unarmed
rCold   . . .      Faith    .   b - +0 kite shield
rNeg    . . .      Spirit   .   a - +0 robe
rPois   .          Reflect  .   (helmet restricted)
rElec   .          Harm     .   (no cloak)
rCorr   .          Rampage  .   (gloves unavailable)
Will    .....                   (boots unavailable)
Stlth   +.........              (no amulet)
HPRegen 0.92/turn               (no ring)
MPRegen 0.08/turn               (no ring)

@: lit by a corona, glowing
A: large, unfitting armour, claws 3, regeneration 1, shaggy fur 1, tough skin 1
a: no special abilities


You were on level 4 of the Dungeon.
You visited 1 branch of the dungeon, and saw 3 of its levels.

You collected 101 gold pieces.


Innate Abilities, Weirdness & Mutations

You are too large for most types of armour.
You have claws for hands.
Your natural rate of healing is unusually fast.
You are covered in fur. (AC +1)
You have tough skin. (AC +1)


   Skills:
 + Level 2.7 Fighting
 + Level 1.1 Throwing
 - Level 2.4 Dodging
 + Level 3.0 Shields
 + Level 3.3 Unarmed Combat


You had 2 spell levels left.
You didn't know any spells.
Your spell library was empty.

Inventory:

Armour
 a - a +0 robe (worn)
 b - a +0 kite shield (worn)
Scrolls
 d - a scroll of fog {unknown}
 f - a scroll of silence {unknown}
 i - a scroll of amnesia {unknown}
 k - a scroll of fear {unknown}
 m - a scroll of identify {unknown}
Potions
 c - a potion of might
 e - a potion of flight {unknown}
 g - a potion of resistance {unknown}
 h - a potion of berserk rage {unknown}
 j - 2 potions of lignification {unknown}
 l - a potion of heal wounds {unknown}

Dungeon Overview and Level Annotations

Branches:
Dungeon (4/15) Zot: 16613
 Temple: D:4-7

Altars:

..###.# #......##.#.# ..'...#
#......##.#.#
.>#######......##.#.#
#.#.....'......##.#.#
#.#.#####......##.#.#########
#.#.#...#.).......#.........#
#.#.##..#.#################.#
#.#.##..#.#################.##
#.#........ggggg@............#
#g#######.####################
..g.g.....# .########## .# .#
.# .# ##


You could see a gnoll shaman and 4 gnolls.


Message History

* * * LOW HITPOINT WARNING * * *
You are too injured to fight recklessly!
You are too injured to fight recklessly!
HP[-9]
You take 9 damage, and now have 13/36 hp.
MASSIVE DAMAGE!! (PAUSE)
You are too injured to fight recklessly!
You are too injured to fight recklessly!
You are too injured to fight recklessly!
You are too injured to fight recklessly!
You are too injured to fight recklessly!
You are too injured to fight recklessly!
You are too injured to fight recklessly!
You are too injured to fight recklessly!
You are too injured to fight recklessly!
You are too injured to fight recklessly!
You are too injured to fight recklessly!
You are too injured to fight recklessly!
You are too injured to fight recklessly!
You are too injured to fight recklessly!
Unknown command.
HP[+1]
The gnoll shaman attacks as you move away!
The gnoll shaman hits you with a +0 whip!
* * * LOW HITPOINT WARNING * * *
The gnoll shaman calls upon its god to speed up the gnoll.
The gnoll seems to speed up.
HP[-6]
You take 6 damage, and now have 8/36 hp.
The gnoll shaman prays to its god.
The gnoll shaman is healed somewhat.
HP[+1] HP[+1] HP[+1] HP[+1]
You see here 7 stones {throwing}.
HP[+1] HP[+1] HP[+1] HP[+1] HP[+1] HP[+1] HP[+1] HP[+1] HP[+1] HP[+1] HP[+1] HP[+1] HP[+1] HP[+1] HP[+1]
The gnoll is no longer moving quickly.
HP[+1]
You are no longer glowing.
HP[+1] HP[+1] HP[+1] HP[+1] HP[+1] HP[+1] HP[+1] HP[+1]
Your hp is fully restored (36).
The gnoll shaman invokes the aid of its god against you.
You are outlined in light.
The gnoll shaman hits you with a +0 whip.
HP[-6]
You take 6 damage, and now have 30/36 hp.
You scratch the gnoll shaman but do no damage.
The gnoll hits you from afar with a +0 halberd.
The gnoll shaman hits you with a +0 whip.
HP[-4]
You take 4 damage, and now have 26/36 hp.
You claw the gnoll shaman!
The gnoll hits you from afar with a +0 halberd!
* * * LOW HITPOINT WARNING * * *
The gnoll shaman mumbles some strange prayers to its god.
The gnoll shaman is healed somewhat.
The gnoll hits you from afar with a +0 halberd.
* * * LOW HITPOINT WARNING * * *
The gnoll shaman hits you but does no damage.
HP[-12]
You take 12 damage, and now have 14/36 hp.
MASSIVE DAMAGE!! (PAUSE)
You barely miss the gnoll shaman.
The gnoll shaman hits you with a +0 whip.
* * * LOW HITPOINT WARNING * * *
You block the gnoll's attack.
HP[-1]
You take 1 damage, and now have 13/36 hp.
You scratch the gnoll shaman.
The gnoll shaman calls upon its god to speed up the gnoll.
The gnoll seems to speed up.
The gnoll barely misses you.
HP[+1]
You scratch the gnoll shaman.
The gnoll hits you from afar with a +0 halberd!
* * * LOW HITPOINT WARNING * * *
The gnoll shaman hits you with a +0 whip.
You die...

Skill      XL: |  1  2  3 |
---------------+----------+-----
Unarmed Combat | 3 |  3.3
Throwing       | 1 |  1.1
Shields        | 3 |  3.0
Fighting       | |  2.7
Dodging        | |  2.4

Action                   || total
-------------------------++-------
Melee: Unarmed           ||   109
Armor: Robe              ||    31
Dodge: Dodged            ||    23
Block: Kite shield       ||    33

Levels and vault maps discovered:
D:1:      roderic_octagonal_star, layout_basic,
          shapermc_ecumenical_altar_mp_vishouse, kennysheep_crisscross
D:2:      layout_loops_corners, minmay_hexomino_f4
D:4:      layout_basic, lightli_corner_chamber, uniq_eustachio, uniq_robin

Notes
Turn   | Place    | Note
-------+----------+-------------------------------------------
     0 | D:1      | zeratav the Troll Fighter began the quest for the Orb.
     0 | D:1      | Reached XP level 1. HP: 22/22 MP: 0/0
     0 | D:1      | magus.rc [v1.9.6]
   136 | D:1      | Reached XP level 2. HP: 28/29 MP: 1/1
   236 | D:1      | Reached skill level 3 in Unarmed Combat
   568 | D:1      | Reached XP level 3. HP: 36/36 MP: 2/2
   671 | D:1      | Found a faded altar of an unknown god.
  1097 | D:2      | Reached skill level 1 in Throwing
  1178 | D:2      | You fall into a shaft and drop 2 floors!
  1328 | D:4      | Reached skill level 3 in Shields
  1333 | D:4      | HP: 7/36 [gnoll shaman/+0 whip (7)]
  1377 | D:4      | HP: 4/36 [gnoll/+0 halberd[a gnoll shaman] (11)]
  1377 | D:4      | Slain by a gnoll shaman

Vanquished Creatures
  A gnoll (D:4)
  An adder (D:2)
  A dart slug (D:1)
  3 endoplasms (D:1)
  5 goblins
  4 hobgoblins
  4 jackals (D:1)
  2 quokkas
  11 ball pythons
  2 bats (D:2)
  2 frilled lizards (D:2)
  5 kobolds
  2 rats (D:1)
43 creatures vanquished.

Table legend:
 A = Non-vault XP
 B = Vault XP
 C = Vault XP percentage of total XP
 D = Non-vault monster count
 E = Vault monster count
 F = Vault count percentage of total count
                 A         B        C        D         E       F
            +---------+---------+-------+---------+---------+-------
      Total |      92 |       3 |   3.2 |      41 |       2 |   4.7
            +---------+---------+-------+---------+---------+-------
        D:1 |      45 |       0 |   0.0 |      27 |       0 |   0.0
        D:2 |      31 |       3 |   8.8 |      12 |       2 |  14.3
        D:4 |      16 |       0 |   0.0 |       2 |       0 |   0.0
            +---------+---------+-------+---------+---------+-------

Illustrated notes

Table legend:
 A = Kills in this place as a percentage of kills in entire the game.
 B = Kills by you in this place as a percentage of kills by you in the entire game.
 C = Kills by friends in this place as a percentage of kills by friends in the entire game.
 D = Other kills in this place as a percentage of other kills in the entire game.
 E = Experience gained in this place as a percentage of experience gained in the entire game.
 F = Experience gained in this place divided by the number of levels of this place that you have seen.
                   A       B       C       D       E      F
               +-------+-------+-------+-------+-------+----------------------
         Total | 100.0 | 100.0 |   N/A |   N/A | 100.0 |  31.7
       Dungeon | 100.0 | 100.0 |   N/A |   N/A | 100.0 |  31.7
               +-------+-------+-------+-------+-------+----------------------

Table legend: (Time is in decaauts)
 A = Elapsed time spent in this place.
 B = Non-inter-level travel time spent in this place.
 C = Inter-level travel time spent in this place.
 D = Time resting spent in this place.
 E = Time spent auto-exploring this place.
 F = Levels seen in this place.
 G = Mean time per level.
                   A        B        C        D        E       F      G
               +--------+--------+--------+--------+--------+-----+--------+
         Total |   1385 |   1376 |      9 |      0 |   1082 |   3 |  461.7 |
       Dungeon |   1385 |   1376 |      9 |      0 |   1082 |   3 |  461.7 |
               +--------+--------+--------+--------+--------+-----+--------+

Top non-repeatable levels by time:
     D:1: 765 daAuts
     D:2: 420 daAuts
     D:4: 199 daAuts
